 Dungeon Sprint DCSS version 0.16.1-28-gcc2312f (webtiles) character file.

1754 Kidiri the Basher (level 8, -6/139 HPs)
             Began as a Troll Berserker on May 29, 2015.
             Was a Priest of Trog.
             Shot with an arrow by a centaur warrior (14 damage)
             ... in the Dungeon (Sprint I: "Red Sonja").
             The game lasted 00:06:14 (573 turns).

Kidiri the Basher (Troll Berserker)                  Turns: 573, Time: 00:06:15

Health: -6/139     AC:  9    Str: 33    XL:     8   Next: 78%
Magic:  3/3        EV: 11    Int:  2    God:    Trog [***...]
Gold:   187        SH:  0    Dex:  8    Spells: 0 memorised, 7 levels left

rFire  . . .     SeeInvis .     j - +0 giant spiked club
rCold  . . .     Clarity  .     m - +2 robe {MR+}
rNeg   + . .     SustAb   .     (shield restricted)
rPois  +         Gourm    +     (helmet restricted)
rElec  .         Spirit   .     n - +1 ratskin cloak {rPois rN+ Int-1 Dex-1}
rCorr  .         Warding  .     (gloves unavailable)
rMut   .         NoTele   +     (boots unavailable)
MR     +....                    (no amulet)
Stlth  ..........               (no ring)
                                p - ring of wizardry

@: berserking, very slightly contaminated, hasted, very quick, somewhat
resistant to hostile enchantments, extremely unstealthy
A: unfitting armour, claws 3, fast metabolism 3, gourmand, regeneration 2,
shaggy fur 1, tough skin 2
a: Burn Spellbooks, Berserk, Trog's Hand, Renounce Religion


You were in the Dungeon.
You worshipped Trog.
Trog was most pleased with you.
You were not hungry.

You visited 1 branch You collected 650 gold pieces.
You spent 463 gold pieces at shops.

Inventory:

Hand weapons
 a - a +0 mace
 j - a +0 giant spiked club (weapon)
 l - a +0 short sword of distortion
Armour
 b - a +0 animal skin
 m - a +2 robe of magic resistance (worn)
 n - the +1 ratskin cloak (worn) {rPois rN+ Int-1 Dex-1}
   (You bought it in a shop in the Dungeon)

   It affects your intelligence (-1).
   It affects your dexterity (-1).
   It protects you from poison.
   It protects you from negative energy.
Jewellery
 p - a ring of wizardry (left claw)
Scrolls
 i - a scroll of blinking
 k - a scroll of recharging {unknown}
Potions
 g - 2 potions of magic
Comestibles
 c - a meat ration


   Skills:
 * Level 10.1 Fighting
 * Level 10.9 Maces & Flails
 + Level 6.8 Armour
 + Level 6.9 Dodging


You had 7 spell levels left.
You didn't know any spells.

Dungeon Overview and Level Annotations

Branches:
Dungeon (1/1)

Altars:
Cheibriados
Dithmenos
Elyvilon
Fedhas
Gozag
Kikubaaqudgha
Makhleb
Nemelex Xobeh
Okawaru
Qazlal
Ru
Sif Muna
Trog
Vehumet
Xom
Yredelemnul
Zin
The Shining One
Jiyva

Shops:
D [}[


Innate Abilities, Weirdness & Mutations

You are too large for most types of armour.
You have claws for hands.
Your metabolism is lightning-fast.
You like to eat raw meat.
You heal very quickly.
You are covered in fur (AC +1).
You have very tough skin (AC +2).


Message History

Drink which item? (? for menu, Esc to quit)
You feel much better.
The centaur warrior shoots an arrow.
The arrow hits you!!
* * * LOW HITPOINT WARNING * * *
There's something blocking the doorway.
Drink which item? (? for menu, Esc to quit)
You feel yourself speed up.
The centaur warrior shoots an arrow.
The arrow hits you!
* * * LOW HITPOINT WARNING * * *
You are very lightly contaminated with residual magic.
Drink which item? (? for menu, Esc to quit)
You feel better.
The centaur warrior shoots an arrow.
The arrow hits you!
* * * LOW HITPOINT WARNING * * *
Drink which item? (? for menu, Esc to quit)
A red film seems to cover your vision as you go berserk!
You feel yourself moving faster!
You feel mighty!
The centaur warrior shoots an arrow.
The arrow hits you!!
* * * LOW HITPOINT WARNING * * *
You feel a strong urge to attack something.
The centaur warrior shoots an arrow.
The arrow hits you!
You die...

####'#####'#__####
###..#...#.####
__####..##.#≈≈§cc
_..__##'#..+§§≈§
_.∩...'.(._#§≈§
_..._##_.#'##'###
_____###)#.#.§.(###
########.####)###(##
......'...'..c((@(∩#
+++####...##########
##.## #+#


You could see a centaur warrior.

Vanquished Creatures
  A deep troll (D)
  Sonja (D)
  A slime creature (D)
  A yak (D)
  An ogre (D)
  Sigmund (D)
  A jelly (D)
  Ijyb (D)
8 creatures vanquished.

Vanquished Creatures (collateral kills)
  A centaur warrior (D)
1 creature vanquished.

Vanquished Creatures (others)
  A gargoyle (D)
  A two-headed ogre (D)
  An ogre (D)
3 creatures vanquished.

Grand Total: 12 creatures vanquished

Notes
Turn   | Place    | Note
--------------------------------------------------------------
     0 | D        | Kidiri, the Troll Berserker, began the quest for the Orb.
     0 | D        | Reached XP level 1. HP: 22/22 MP: 1/1
     2 | D        | Noticed Ijyb
    14 | D        | Killed Ijyb
    14 | D        | Reached skill level 3 in Fighting
    14 | D        | Reached XP level 2. HP: 16/31 MP: 1/1
    44 | D        | Noticed an ogre
    49 | D        | Killed an ogre
    49 | D        | Reached skill level 5 in Fighting
    49 | D        | Reached skill level 5 in Maces & Flails
    49 | D        | Reached XP level 3. HP: 6/42 MP: 2/2
    49 | D        | Reached XP level 4. HP: 7/50 MP: 2/2
   132 | D        | Noticed Sigmund
   135 | D        | Killed Sigmund
   135 | D        | Acquired Trog's second power
   135 | D        | Reached skill level 6 in Maces & Flails
   135 | D        | Reached XP level 5. HP: 59/59 MP: 2/2
   178 | D        | Found a deep blue altar of Sif Muna.
   179 | D        | Noticed a jelly
   180 | D        | Found a radiant altar of Vehumet.
   182 | D        | Killed a jelly
   218 | D        | Found Phezxe's Gadget Emporium.
   218 | D        | Found a white marble altar of Elyvilon.
   218 | D        | Found a stormy altar of Qazlal.
   218 | D        | Found a burning altar of Makhleb.
   218 | D        | Found a sacrificial altar of Ru.
   218 | D        | Found a basalt altar of Yredelemnul.
   218 | D        | Found a glowing golden altar of the Shining One.
   218 | D        | Found a sparkling altar of Nemelex Xobeh.
   218 | D        | Found a shimmering altar of Xom.
   218 | D        | Found an opulent altar of Gozag.
   218 | D        | Found an ancient bone altar of Kikubaaqudgha.
   218 | D        | Found a glowing silver altar of Zin.
   218 | D        | Noticed a yak
   226 | D        | Killed a yak
   226 | D        | Reached skill level 7 in Fighting
   226 | D        | Reached XP level 6. HP: 22/71 MP: 3/3
   227 | D        | Found an iron altar of Okawaru.
   345 | D        | Found a bloodstained altar of Trog.
   367 | D        | Found a snail-covered altar of Cheibriados.
   367 | D        | Found a viscous altar of Jiyva.
   367 | D        | Found a shadowy altar of Dithmenos.
   367 | D        | Found a blossoming altar of Fedhas.
   367 | D        | Noticed a slime creature
   373 | D        | Killed a slime creature
   373 | D        | Reached skill level 8 in Maces & Flails
   373 | D        | Reached skill level 5 in Armour
   373 | D        | Reached skill level 5 in Dodging
   373 | D        | Reached XP level 7. HP: 77/79 MP: 3/3
   415 | D        | Killed a gargoyle
   419 | D        | Noticed Sonja
   421 | D        | Killed Sonja
   421 | D        | Reached skill level 9 in Maces & Flails
   463 | D        | Found Twoapi Nyta's Armour Boutique.
   472 | D        | Bought a +2 robe of magic resistance for 194 gold pieces
   494 | D        | Noticed a deep troll
   500 | D        | Killed a deep troll
   500 | D        | Acquired Trog's third power
   500 | D        | Reached skill level 10 in Maces & Flails
   500 | D        | Reached XP level 8. HP: 74/92 MP: 3/3
   510 | D        | Found Raoren's Armour Emporium.
   516 | D        | Bought the +1 ratskin cloak {rPois rN+ Int-1 Dex-1} for 269 gold pieces
   552 | D        | Noticed a centaur warrior
   554 | D        | Noticed a centaur warrior
   560 | D        | Killed a centaur warrior
   560 | D        | Reached skill level 10 in Fighting
   573 | D        | Shot with an arrow by a centaur warrior

Action                   |  1- 3 |  4- 6 |  7- 9 || total
-------------------------+-------+-------+-------++-------
Melee: Mace              |    15 |       |       ||    15
       Giant spiked club |       |    14 |     5 ||    19
Invok: Berserk           |     1 |     3 |     2 ||     6
       Brothers in Arms  |       |       |     2 ||     2
       Burn Spellbooks   |       |       |     1 ||     1
  Use: Potion            |       |       |     5 ||     5
  Eat: Chunk             |       |     4 |     1 ||     5
       Meat ration       |       |       |     1 ||     1
